[Event "Titled Tuesday Blitz March 21 Early 2023"]
[White "Sreyas Payyappat"]
[Black "Vakhlamov, Igor L."]
[WhiteFideId "46674969"]
[BlackFideId "24126748"]
[WhiteElo "2083"]
[BlackElo "2400"]
[Result "0-1"]
[Round "01"]
[TimeControl "180+2"]
[Date "2023.03.21"]
[WhiteClock "0:00:23"]
[BlackClock "0:00:12"]

1. e4 c5 2. Nf3 e6 3. d4 cxd4 4. Nxd4 Nf6 5. Nc3 Nc6 6. Ndb5 Bc5 7. Be3 Bxe3 8. Nd6+ Ke7 9. fxe3 a6 10. Be2 Qc7 11. Nc4 b5 12. Nd2 Bb7 13. O-O Qb6 14. Rf3 Ne5 15. Rg3 Rhg8 16. Bd3 Rad8 17. a4 b4 18. Ne2 a5 19. Nd4 h5 20. Rg5 d6 21. Qf3 Nxf3+ 22. N2xf3 Bxe4 23. Rb5 Qc7 24. Bxe4 Nxe4 25. Rxa5 Ra8 26. Rb5 Rgb8 27. Rxh5 d5 28. a5 g6 29. Rh4 e5 30. Nxe5 Rc8 31. Nec6+ Qxc6 32. Nxc6+ Rxc6 33. c3 bxc3 34. bxc3 Rxc3 35. Rh3 Rxa5 36. Rf1 Rc2 37. Rhf3 f5 38. Rd1 Raa2 0-1


[Site "https://www.chess.com"]

[Event "Titled Tuesday Blitz March 21 Early 2023"]
[White "Jones, Gawain C B"]
[Black "Vaglio Munoz, Jaime"]
[WhiteFideId "409561"]
[BlackFideId "6500145"]
[WhiteElo "2645"]
[BlackElo "2199"]
[Result "1/2-1/2"]
[Round "01"]
[TimeControl "180+2"]
[Date "2023.03.21"]
[WhiteClock "0:01:55"]
[BlackClock "0:01:40"]

1. Nf3 c6 2. e4 d5 3. Nc3 dxe4 4. Nxe4 Bg4 5. h3 Bh5 6. Ng3 Bg6 7. Ne5 e6 8. d4 Bd6 9. Nxg6 hxg6 10. Ne4 Be7 11. Be3 Nd7 12. Qf3 Ngf6 13. O-O-O Qa5 14. Kb1 Qf5 15. Qxf5 gxf5 16. Nxf6+ Nxf6 17. c4 O-O-O 18. g3 Ne4 19. Bg2 g5 20. Kc2 Nd6 21. b3 Bf6 22. Bc1 Ne4 23. Bxe4 fxe4 24. Bb2 Bg7 25. h4 gxh4 26. Rxh4 Rxh4 27. gxh4 Rh8 28. d5 Bxb2 29. Kxb2 exd5 30. cxd5 Rxh4 31. dxc6 bxc6 32. Kc3 Kc7 33. Rd2 1/2-1/2


[Site "https://www.chess.com"]

[Event "Titled Tuesday Blitz March 21 Early 2023"]
[White "Bernat, David"]
[Black "Pichot, Alan"]
[WhiteFideId "2099225"]
[BlackFideId "110973"]
[WhiteElo "2457"]
[BlackElo "2573"]
[Result "1/2-1/2"]
[Round "01"]
[TimeControl "180+2"]
[Date "2023.03.21"]
[WhiteClock "0:00:13"]
[BlackClock "0:00:04"]

1. c4 c5 2. Nc3 Nc6 3. g3 g6 4. Bg2 Bg7 5. d3 e6 6. e4 Nge7 7. Nge2 O-O 8. O-O d6 9. Be3 Nd4 10. a3 b6 11. Rb1 Bb7 12. b4 Qd7 13. f4 f5 14. Bf2 Rad8 15. Nxd4 cxd4 16. Ne2 e5 17. Qb3 fxe4 18. dxe4 Kh8 19. c5 bxc5 20. bxc5 Ba6 21. cxd6 Bxe2 22. dxe7 Qxe7 23. Rfe1 d3 24. Bf1 Bxf1 25. Rxf1 exf4 26. Qb4 Qe6 27. Bxa7 fxg3 28. hxg3 Qh3 29. Rxf8+ Rxf8 30. Qd6 d2 31. Bd4 Rf1+ 32. Rxf1 Qxf1+ 33. Kxf1 d1=Q+ 34. Kg2 Qe2+ 35. Kh3 Qf1+ 36. Kh2 Qe2+ 37. Kh3 Qh5+ 38. Kg2 Qe2+ 39. Kh3 1/2-1/2


[Site "https://www.chess.com"]

[Event "Titled Tuesday Blitz March 21 Early 2023"]
[White "Ozen, Bahadir"]
[Black "Wahedi, Ahmad Siar"]
[WhiteFideId "6337058"]
[BlackFideId "4651260"]
[WhiteElo "2503"]
[BlackElo "2456"]
[Result "1-0"]
[Round "01"]
[TimeControl "180+2"]
[Date "2023.03.21"]
[WhiteClock "0:00:41"]
[BlackClock "0:01:04"]

1. d4 d5 2. Nf3 c6 3. Bf4 Bf5 4. e3 e6 5. c4 Nd7 6. Qb3 Qb6 7. c5 Qxb3 8. axb3 Bxb1 9. Rxb1 a6 10. b4 Rc8 11. Nd2 Be7 12. Nb3 Bd8 13. Na5 Bxa5 14. bxa5 f6 15. Bd3 e5 16. Bg3 Ne7 17. f3 O-O 18. Kd2 Rfe8 19. Ra1 g6 20. Ra4 Nf5 21. Bf2 Kf7 22. Rb4 Rc7 23. g4 Ng7 24. h3 Ne6 25. Bg3 Re7 26. Rc1 Nd8 27. Rh1 Nf8 28. g5 exd4 29. exd4 Rcd7 30. gxf6 Kxf6 31. Rg1 Kf7 32. h4 Re6 33. Bd6 Rf6 34. Rg3 Nfe6 35. Be5 Ng7 36. Bxf6 Kxf6 37. Rg1 Re7 38. Re1 Nde6 39. Ra1 Nf4 40. Ra3 Nge6 41. Rab3 Nd8 42. Bf1 h6 43. Re3 Nfe6 44. Bd3 Rf7 45. Kc3 Nf4 46. Bf1 Nfe6 47. Rb6 Ng7 48. Bh3 Re7 49. Rxe7 Kxe7 50. Bc8 Nf5 51. Bxb7 Nxh4 52. Bxa6 Nxf3 53. Be2 Ng5 54. a6 Ne4+ 55. Kc2 1-0


[Site "https://www.chess.com"]

[Event "Titled Tuesday Blitz March 21 Early 2023"]
[White "Girsh, Daniel"]
[Black "Ashraf, Artin"]
[WhiteFideId "30949190"]
[BlackFideId "22514805"]
[WhiteElo "2075"]
[BlackElo "2188"]
[Result "0-1"]
[Round "01"]
[TimeControl "180+2"]
[Date "2023.03.21"]
[WhiteClock "0:00:12"]
[BlackClock "0:00:08"]

1. d4 Nf6 2. c4 g6 3. Nc3 Bg7 4. e4 d6 5. f3 O-O 6. Nge2 c5 7. Be3 cxd4 8. Nxd4 Nc6 9. Be2 Bd7 10. O-O Nxd4 11. Bxd4 Bc6 12. Rc1 Nd7 13. Be3 a5 14. Qd2 Nc5 15. Rfd1 a4 16. Nd5 e6 17. Nb4 Be5 18. Bh6 Re8 19. Bg5 Qb6 20. Kh1 Bd7 21. Be3 Qc7 22. f4 Nxe4 23. Qc2 Bxf4 24. Qxe4 Bxe3 25. Qxe3 Bc6 26. Qf4 Rad8 27. Bf3 e5 28. Qe3 e4 29. Be2 Re5 30. Nd5 Bxd5 31. cxd5 Qe7 32. Rc4 Ra8 33. Rdc1 Rxd5 34. Qh6 Rc5 35. Rxc5 dxc5 36. Qe3 b6 37. Rc4 f5 38. g4 Rf8 39. gxf5 gxf5 40. Qf4 b5 41. Rc3 c4 42. Rg3+ Kh8 43. Bh5 Qf6 44. Qd2 Rd8 45. Qf2 Rd3 46. Be2 Rxg3 47. Qxg3 Qxb2 48. Qb8+ Kg7 49. Qc7+ Kg6 50. Qd6+ Kg5 51. Qg3+ Kf6 52. Qd6+ Kg7 53. Bh5 Qb1+ 54. Kg2 Qxa2+ 55. Kh3 Qf2 56. Qe7+ Kh6 57. Qf7 Qe3+ 58. Kg2 Qg5+ 59. Kf2 Qxh5 60. Qe6+ Qg6 61. Qe5 Qg5 62. Qe6+ Kh5 63. Qf7+ Kg4 64. Qxh7 Qd2+ 65. Kf1 Qd1+ 66. Kf2 Qc2+ 67. Kf1 Kf4 68. Qh4+ Ke5 69. Qe7+ Kd4 70. Qd6+ Kc3 71. Qe5+ Kd2 72. Qf4+ Kd1 73. Qxf5 Qe2+ 74. Kg1 c3 75. Qd5+ Qd3 76. Qh5+ Kc1 77. Qg5+ Kb2 78. h4 c2 79. Qe5+ Kb1 80. Kh2 c1=Q 81. h5 Qcc2+ 82. Kg1 Qdd1# 0-1


[Site "https://www.chess.com"]

[Event "Titled Tuesday Blitz March 21 Early 2023"]
[White "Urazayev, Arystanbek"]
[Black "Gulkov, Igor A."]
[WhiteFideId "13709810"]
[BlackFideId "4120973"]
[WhiteElo "2479"]
[BlackElo "2343"]
[Result "0-1"]
[Round "01"]
[TimeControl "180+2"]
[Date "2023.03.21"]
[WhiteClock "0:00:30"]
[BlackClock "0:00:46"]

1. d4 Nf6 2. c4 e6 3. Nf3 Bb4+ 4. Nc3 b6 5. e3 Bb7 6. Bd3 O-O 7. O-O Bxc3 8. bxc3 d6 9. Qc2 Nbd7 10. e4 e5 11. Bg5 h6 12. Bh4 Re8 13. Rfe1 Nf8 14. c5 Ng6 15. Bg3 Nh5 16. cxd6 cxd6 17. Bb5 Re7 18. Rad1 Qc7 19. dxe5 dxe5 20. Nh4 Nxg3 21. Nxg6 fxg6 22. hxg3 Kh7 23. Qd2 Rc8 24. Re3 Qc5 25. Qd6 Qxd6 26. Rxd6 Rc5 27. Bd7 Rc4 28. f3 Rc7 29. Ba4 Ba6 30. Bc6 Bc4 31. a4 Re6 32. Red3 Rxc6 33. Rxc6 Rxc6 34. Rd7 a5 0-1


[Site "https://www.chess.com"]

[Event "Titled Tuesday Blitz March 21 Early 2023"]
[White "Tomaszewski, Kacper"]
[Black "Ohanyan, Emin"]
[WhiteFideId "1127373"]
[BlackFideId "13312022"]
[WhiteElo "2211"]
[BlackElo "2402"]
[Result "0-1"]
[Round "01"]
[TimeControl "180+2"]
[Date "2023.03.21"]
[WhiteClock "0:00:11"]
[BlackClock "0:00:22"]

1. Nf3 d5 2. c4 c6 3. b3 Nf6 4. Bb2 Bf5 5. g3 e6 6. Bg2 Nbd7 7. O-O Be7 8. d3 Bg6 9. Nbd2 O-O 10. Rc1 Ne8 11. Qc2 Bf6 12. Ba3 Be7 13. Bb2 Nd6 14. Rfe1 Bf6 15. Ba3 Be7 16. Bb2 Re8 17. e4 Bf8 18. Nh4 dxe4 19. dxe4 e5 20. Nxg6 hxg6 21. Kh1 f6 22. c5 Nb5 23. a4 Nd4 24. Bxd4 exd4 25. Qc4+ Kh7 26. Qxd4 Nxc5 27. Qe3 Nd3 28. Bf1 Nxe1 29. Rxe1 Bc5 30. Qf4 Bb4 31. Rd1 Re5 32. Be2 g5 33. Qe3 Bxd2 34. Rxd2 Qb6 35. Qf3 g4 36. Qxg4 Qxf2 37. Rd7 Rg5 38. Qh3+ Kg6 39. Bg4 Qe1+ 40. Kg2 Qxe4+ 41. Bf3 Qc2+ 42. Kh1 Qf5 43. Bh5+ Rxh5 44. g4 Rxh3 45. gxf5+ Kxf5 0-1


[Site "https://www.chess.com"]

[Event "Titled Tuesday Blitz March 21 Early 2023"]
[White "Kukhmazov, Arsen"]
[Black "Dudzinski, Pawel"]
[WhiteFideId "24108260"]
[BlackFideId "1117890"]
[WhiteElo "2378"]
[BlackElo "2099"]
[Result "1-0"]
[Round "01"]
[TimeControl "180+2"]
[Date "2023.03.21"]
[WhiteClock "0:00:24"]
[BlackClock "0:00:10"]

1. d4 d5 2. c4 c6 3. Nf3 e6 4. Qc2 f5 5. Bf4 Nf6 6. e3 Be7 7. Bd3 O-O 8. O-O Bd7 9. Nc3 h6 10. Rab1 Be8 11. b4 Ne4 12. b5 Nd7 13. bxc6 bxc6 14. Rb7 g5 15. Be5 g4 16. Nd2 Nxe5 17. Bxe4 dxe4 18. dxe5 Bc5 19. Ndxe4 fxe4 20. Qxe4 Rf5 21. Qxg4+ Qg5 22. Qxg5+ hxg5 23. Ne4 Rxe5 24. Nf6+ Kf8 25. Nh7+ Kg8 26. Nf6+ Kf8 27. Rd1 Bb6 28. Rdd7 Bg6 29. Rg7 Rd8 30. Rg8# 1-0


[Site "https://www.chess.com"]

[Event "Titled Tuesday Blitz March 21 Early 2023"]
[White "Bilan, Danila"]
[Black "Mekhitarian, Krikor Sevag"]
[WhiteFideId "24161918"]
[BlackFideId "2107660"]
[WhiteElo "2182"]
[BlackElo "2604"]
[Result "1-0"]
[Round "01"]
[TimeControl "180+2"]
[Date "2023.03.21"]
[WhiteClock "0:00:13"]
[BlackClock "0:01:09"]

1. d4 Nf6 2. Nf3 g6 3. Bg5 Bg7 4. c3 O-O 5. Nbd2 d5 6. e3 Nbd7 7. Bd3 Re8 8. O-O c6 9. e4 dxe4 10. Nxe4 Nxe4 11. Bxe4 Qc7 12. Re1 e5 13. dxe5 Nxe5 14. Nxe5 Bxe5 15. h3 Be6 16. Qf3 a5 17. Bc2 Bg7 18. Bb3 Bxb3 19. axb3 Qb6 20. b4 axb4 21. Rxa8 Rxa8 22. Re7 Rf8 23. Bf6 Qd8 24. cxb4 Qd6 25. Bxg7 Qxe7 26. Bxf8 Kxf8 27. Qc3 Kg8 28. g3 g5 29. Qd4 h6 30. Kg2 Qe6 31. Qd8+ Kh7 32. Qd3+ Kg7 33. Qd4+ Kg6 34. Qd3+ Qf5 35. Qd6+ f6 36. Qe7 Qd5+ 37. Kh2 b5 38. Qe8+ Kf5 39. g4+ Kf4 40. Qe3# 1-0


[Site "https://www.chess.com"]

[Event "Titled Tuesday Blitz March 21 Early 2023"]
[White "Gukesh D"]
[Black "Vivas Zamora, Fabian Ernesto"]
[WhiteFideId "46616543"]
[BlackFideId "3902480"]
[WhiteElo "2612"]
[BlackElo "2262"]
[Result "1-0"]
[Round "01"]
[TimeControl "180+2"]
[Date "2023.03.21"]
[WhiteClock "0:00:57"]
[BlackClock "0:00:01"]

1. d4 Nf6 2. Nf3 g6 3. Nc3 d5 4. Bf4 Bg7 5. Nb5 Na6 6. e3 O-O 7. h3 Ne4 8. Nd2 Nxd2 9. Qxd2 c6 10. Nc3 f6 11. Be2 e5 12. Bg3 Nc7 13. h4 Ne6 14. h5 exd4 15. exd4 f5 16. hxg6 hxg6 17. Be5 Bxe5 18. dxe5 Qg5 19. O-O-O Qxd2+ 20. Kxd2 d4 21. Nb1 Kg7 22. a4 b6 23. Na3 Re8 24. Nc4 Re7 25. Bf3 Ba6 26. Nd6 Rd8 27. Bxc6 Nf4 28. Rde1 Ne2 29. Nb5 Bxb5 30. axb5 Rxe5 31. Rxe2 1-0


[Site "https://www.chess.com"]

[Event "Titled Tuesday Blitz March 21 Early 2023"]
[White "Spitzl, Vinzent"]
[Black "Aditya Mittal"]
[WhiteFideId "12901253"]
[BlackFideId "35042025"]
[WhiteElo "2225"]
[BlackElo "2396"]
[Result "1/2-1/2"]
[Round "01"]
[TimeControl "180+2"]
[Date "2023.03.21"]
[WhiteClock "0:00:16"]
[BlackClock "0:00:05"]

1. e4 e5 2. Nf3 Nc6 3. Bb5 Nf6 4. O-O Nxe4 5. Re1 Nd6 6. Nxe5 Be7 7. Bf1 Nxe5 8. Rxe5 O-O 9. d4 Bf6 10. Re1 Re8 11. c3 b6 12. Bf4 Bb7 13. Nd2 Rxe1 14. Qxe1 Qf8 15. Qe3 g6 16. Qh3 Qe7 17. Qe3 Qxe3 18. Bxe3 Nf5 19. Bf4 d6 20. Re1 g5 21. Bg3 h5 22. Bd3 Nxg3 23. hxg3 d5 24. Nf3 g4 25. Ne5 Re8 26. Kf1 c5 27. Bb5 Re7 28. f3 cxd4 29. cxd4 gxf3 30. gxf3 Rc7 31. Bd3 Kg7 32. Ke2 Re7 33. Kd2 Bc8 34. f4 Bg4 35. Nc6 Rxe1 36. Kxe1 a5 37. Ne5 Be6 38. Kf2 Be7 39. Ke3 f6 40. Nc6 Bd6 41. a3 Bd7 42. Na7 Kf7 43. Nb5 Bxb5 44. Bxb5 Ke6 45. Be2 f5 46. Bxh5 Be7 47. g4 fxg4 48. Bxg4+ Kd6 49. a4 Bf6 50. b3 Bg7 51. Bf3 Bf6 52. Bg2 Bg7 53. Bf3 Bf6 54. Bg2 Bg7 55. Bh3 Bh6 56. Bg2 Ke6 57. Bf3 Kd6 58. Bg2 Ke6 59. Bf3 Kd6 60. Bg2 1/2-1/2


[Site "https://www.chess.com"]

[Event "Titled Tuesday Blitz March 21 Early 2023"]
[White "Fier, Alexandr"]
[Black "Bas Mas, Jose Joaquin"]
[WhiteFideId "2107139"]
[BlackFideId "22219064"]
[WhiteElo "2610"]
[BlackElo "2233"]
[Result "1-0"]
[Round "01"]
[TimeControl "180+2"]
[Date "2023.03.21"]
[WhiteClock "0:01:10"]
[BlackClock "0:01:02"]

1. c4 e6 2. Nf3 d5 3. g3 Nf6 4. Bg2 Be7 5. O-O O-O 6. b3 d4 7. e3 c5 8. exd4 cxd4 9. Bb2 Nc6 10. Re1 Bc5 11. d3 Re8 12. Ba3 Bxa3 13. Nxa3 e5 14. c5 Bg4 15. h3 Bh5 16. Nc4 e4 17. dxe4 Nxe4 18. Qc2 d3 19. Qb2 Nxc5 20. g4 Bg6 21. Nfe5 Nd4 22. Rad1 Ne2+ 23. Kh1 Qh4 24. Nxg6 hxg6 25. Rf1 Rad8 26. Qa3 Ne4 27. Qxa7 Nxf2+ 28. Qxf2 Qxf2 29. Rxf2 1-0


[Site "https://www.chess.com"]

[Event "Titled Tuesday Blitz March 21 Early 2023"]
[White "Kubatko, Ivan"]
[Black "Mikhailovsky, Vladimir"]
[WhiteFideId "24111473"]
[BlackFideId "34105414"]
[WhiteElo "2285"]
[BlackElo "2293"]
[Result "0-1"]
[Round "01"]
[TimeControl "180+2"]
[Date "2023.03.21"]
[WhiteClock "0:00:10"]
[BlackClock "0:00:33"]

1. e4 Nf6 2. e5 Nd5 3. d4 d6 4. c4 Nb6 5. exd6 exd6 6. Nc3 Be7 7. Nf3 O-O 8. Be2 Nc6 9. O-O Bf5 10. d5 Ne5 11. Nxe5 dxe5 12. Be3 Bg5 13. c5 Nd7 14. c6 bxc6 15. dxc6 Nb6 16. Bc5 Re8 17. Qxd8 Raxd8 18. Nb5 Re6 19. Nxa7 Na4 20. Be3 Bxe3 21. fxe3 Be4 22. Bc4 Rf6 23. Rfd1 Ra8 24. b3 Nb2 25. Rd7 Nxc4 26. bxc4 Bxc6 27. Rxc7 Be4 28. Nb5 h5 29. a3 Bd3 30. Rd1 e4 31. Ra1 Ra4 32. Nc3 Rxa3 33. Rxa3 Rf1# 0-1


[Site "https://www.chess.com"]

[Event "Titled Tuesday Blitz March 21 Early 2023"]
[White "Zakhartsov, Vladimir"]
[Black "Devaev, Alexander"]
[WhiteFideId "4145097"]
[BlackFideId "4169395"]
[WhiteElo "2521"]
[BlackElo "2225"]
[Result "1-0"]
[Round "01"]
[TimeControl "180+2"]
[Date "2023.03.21"]
[WhiteClock "0:00:46"]
[BlackClock "0:00:09"]

1. d4 Nf6 2. c4 e6 3. Nf3 Bb4+ 4. Nbd2 b6 5. g3 Bb7 6. Bg2 Ne4 7. O-O Nxd2 8. Bxd2 Bxd2 9. Qxd2 O-O 10. d5 Na6 11. b4 Qe7 12. a3 d6 13. Nd4 e5 14. Nc6 Qd7 15. a4 Nb8 16. b5 a5 17. f4 exf4 18. Rxf4 Bc8 19. Raf1 f6 20. Rh4 Qf7 21. Be4 g6 22. Nd4 Re8 23. Ne6 Ra7 24. Qh6 Rxe6 25. dxe6 Bxe6 26. Rxf6 Qxf6 27. Qxh7+ Kf8 28. Rf4 Bf5 29. Bxf5 Qa1+ 30. Bb1+ Ke8 31. Qg8+ Kd7 32. Rf7+ Ke6 33. Qxg6+ Ke5 34. Qf6# 1-0


[Site "https://www.chess.com"]

[Event "Titled Tuesday Blitz March 21 Early 2023"]
[White "Yosha_Iglesias"]
[Black "Averjanov, Alexey"]
[BlackFideId "14109867"]
[WhiteElo "2443"]
[BlackElo "2819"]
[Result "1-0"]
[Round "01"]
[TimeControl "180+2"]
[Date "2023.03.21"]
[WhiteClock "0:01:29"]
[BlackClock "0:00:26"]

1. d4 d5 2. Nf3 Nf6 3. e3 e6 4. Bd3 Bd6 5. Nbd2 Nbd7 6. O-O O-O 7. Re1 e5 8. e4 dxe4 9. Nxe4 Nxe4 10. Rxe4 Nf6 11. Rh4 exd4 12. Bg5 h6 13. Bxh6 gxh6 14. Qd2 Ng4 15. Rxg4+ Bxg4 16. Qxh6 f5 17. Bc4+ Rf7 18. Ng5 Qf8 19. Qh7# 1-0


[Site "https://www.chess.com"]

[Event "Titled Tuesday Blitz March 21 Early 2023"]
[White "Hayrapetyan, Hovik"]
[Black "Dinu, Dumitru-Daniel"]
[WhiteFideId "13302639"]
[BlackFideId "1208403"]
[WhiteElo "2348"]
[BlackElo "2240"]
[Result "1-0"]
[Round "01"]
[TimeControl "180+2"]
[Date "2023.03.21"]
[WhiteClock "0:00:09"]
[BlackClock "0:00:07"]

1. d4 Nf6 2. c4 e6 3. Nc3 Bb4 4. Nf3 b6 5. Bd2 Bb7 6. g3 O-O 7. Bg2 Nc6 8. O-O Bxc3 9. Bxc3 Ne4 10. Be1 f5 11. d5 Ne7 12. dxe6 dxe6 13. Qc2 c5 14. Ng5 Nxg5 15. Bxb7 Rb8 16. Bg2 Qc7 17. f4 Nf7 18. Bc3 Rbd8 19. b3 Rd7 20. Bb2 Nc6 21. Qc3 Nd4 22. Rfe1 Nd6 23. e3 Nc6 24. Rad1 Rfd8 25. Kf2 Ne4+ 26. Bxe4 fxe4 27. Rxd7 Rxd7 28. a3 Rd3 29. Qc2 Qd7 30. Ke2 Ne7 31. g4 Ng6 32. Rd1 Rxd1 33. Qxd1 Qxd1+ 34. Kxd1 Kf7 35. Bc3 Nf8 36. Be5 Nd7 37. Bd6 g6 38. h3 Kf6 39. Ke2 Kf7 40. Kf2 Kf6 41. Kg3 Kf7 42. b4 Kf6 43. b5 Kf7 44. a4 Kf6 45. Kh4 Kf7 46. Kg5 Kg7 47. Kh4 Kf6 48. Kg3 Kf7 49. h4 Kf6 50. h5 Kg7 51. Kh4 Kf6 52. h6 Kf7 53. Kg5 Ke8 54. f5 exf5 55. gxf5 Kf7 56. fxg6+ hxg6 57. Bf4 Nf8 58. Be5 Ne6+ 59. Kg4 Kg8 60. Bb8 Kh7 61. Bxa7 Kxh6 62. Bxb6 Nf8 63. a5 Nd7 64. Bc7 Nf6+ 65. Kh3 g5 66. a6 g4+ 67. Kg2 Kg5 68. Bf4+ Kf5 69. a7 Nd7 70. a8=Q 1-0


[Site "https://www.chess.com"]

[Event "Titled Tuesday Blitz March 21 Early 2023"]
[White "cryptoguru02"]
[Black "Sanal, Vahap"]
[BlackFideId "6300545"]
[WhiteElo "2434"]
[BlackElo "2606"]
[Result "0-1"]
[Round "01"]
[TimeControl "180+2"]
[Date "2023.03.21"]
[WhiteClock "0:00:03"]
[BlackClock "0:01:21"]

1. d4 d5 2. c4 c6 3. Nc3 Nf6 4. Nf3 e6 5. e3 Nbd7 6. Qc2 Bd6 7. b3 O-O 8. Be2 b6 9. O-O Bb7 10. Bb2 Rc8 11. Rad1 Qe7 12. Rfe1 c5 13. Qb1 Rfd8 14. cxd5 exd5 15. dxc5 bxc5 16. Qf5 Qe6 17. Bd3 g6 18. Qg5 Be7 19. Qf4 Bd6 20. Qg5 Bf8 21. Qh4 Bg7 22. Bb1 h6 23. Na4 g5 24. Qg3 Nh5 25. Qh3 Qxh3 26. gxh3 Bxb2 27. Nxb2 Nhf6 28. Nd2 Ne5 29. Nd3 Nxd3 30. Bxd3 c4 31. bxc4 dxc4 32. Nxc4 Bf3 33. Rd2 Rxc4 34. Bxc4 Rxd2 35. a4 Ne4 36. Rb1 Rxf2 37. Rb8+ Kg7 38. Rb7 Rg2+ 39. Kf1 Nd2+ 40. Ke1 Bxb7 0-1


[Site "https://www.chess.com"]

[Event "Titled Tuesday Blitz March 21 Early 2023"]
[White "Kilic, Eray"]
[Black "Castellanos Gomez, Alejandro"]
[WhiteFideId "44517173"]
[BlackFideId "22284141"]
[WhiteElo "2328"]
[BlackElo "2158"]
[Result "0-1"]
[Round "01"]
[TimeControl "180+2"]
[Date "2023.03.21"]
[WhiteClock "0:00:05"]
[BlackClock "0:00:05"]

1. d4 d5 2. Nc3 e6 3. e4 Nf6 4. Bg5 Be7 5. e5 Nfd7 6. Bxe7 Qxe7 7. f4 O-O 8. Nf3 c5 9. Nb5 a6 10. Nd6 cxd4 11. Qxd4 Nc6 12. Qd2 f6 13. Nxc8 Raxc8 14. exf6 Qxf6 15. g3 Qxb2 16. Rd1 Nb4 17. Bd3 Nxc2+ 18. Ke2 Kh8 19. Rb1 Nd4+ 20. Ke3 Qxd2+ 21. Nxd2 Nb5 22. Bxb5 axb5 23. Rxb5 Rc3+ 24. Ke2 Nc5 25. Nb1 Rc2+ 26. Kd1 Rc4 27. Nd2 Rc3 28. Nb1 Ne4 29. Rxb7 Rc4 30. Re1 Rfc8 31. Rb2 Rc1+ 32. Ke2 R8c2+ 33. Kd3 Nf2+ 34. Kd4 Rc4+ 35. Ke3 Rxe1+ 36. Kxf2 Rec1 37. Ke3 h6 38. Nd2 R4c3+ 39. Kd4 R3c2 40. Rb8+ Kh7 41. Nf3 Rd1+ 42. Ke5 Re2+ 43. Kd6 d4 44. Ke7 Kg6 45. Rd8 d3 46. g4 d2 47. Ne5+ Kh7 48. Kf7 Rxe5 49. g5 Rf5+ 50. Kxe6 Rxf4 51. g6+ Kxg6 52. Ke5 Rf6 53. Kd4 Re1 54. Kc3 d1=Q 55. Rxd1 Rxd1 0-1


[Site "https://www.chess.com"]

[Event "Titled Tuesday Blitz March 21 Early 2023"]
[White "Mazurkiewicz, Michal"]
[Black "Real_OceanStorm"]
[WhiteFideId "1124943"]
[WhiteElo "2054"]
[BlackElo "2813"]
[Result "0-1"]
[Round "01"]
[TimeControl "180+2"]
[Date "2023.03.21"]
[WhiteClock "0:00:04"]
[BlackClock "0:00:03"]

1. e4 d5 2. exd5 Qxd5 3. d3 Qa5+ 4. Nc3 Nf6 5. g3 e5 6. Nf3 Nc6 7. Bg2 Bd6 8. O-O O-O 9. Bd2 Qb6 10. Rb1 Bg4 11. h3 Bh5 12. b4 Ne7 13. a4 Bxf3 14. Qxf3 c6 15. Bg5 Nfd5 16. Nxd5 Nxd5 17. b5 Nc3 18. Rb3 Nxa4 19. bxc6 Qxc6 20. Qg4 Qe8 21. Bf6 g6 22. Qg5 Qe6 23. g4 Nc5 24. Rxb7 Nxb7 25. Bd5 h6 26. Qh4 Rae8 27. Bxe6 Rxe6 28. g5 h5 29. Qg3 Nc5 30. Qg2 Nd7 31. f4 exf4 32. Qd5 Nxf6 33. gxf6 Be5 34. Re1 Bd4+ 35. Qxd4 Rxe1+ 36. Kg2 Re2+ 37. Kf3 Rxc2 38. Qxf4 Rc6 39. Qg5 Rd8 40. Ke3 Rcd6 41. Kd2 Rxd3+ 42. Ke2 R3d5 43. Qh6 Re8+ 44. Kf3 Rf5+ 45. Kg3 Rxf6 46. Kh4 Rf3 47. Qg5 Re4+ 48. Qg4 Rxg4+ 0-1


[Site "https://www.chess.com"]

[Event "Titled Tuesday Blitz March 21 Early 2023"]
[White "Narayanan, Srinath"]
[Black "Sekar, B"]
[WhiteFideId "5018420"]
[BlackFideId "5043743"]
[WhiteElo "2438"]
[BlackElo "2258"]
[Result "1-0"]
[Round "01"]
[TimeControl "180+2"]
[Date "2023.03.21"]
[WhiteClock "0:00:43"]
[BlackClock "0:00:08"]

1. Nf3 Nf6 2. c4 e6 3. e3 d5 4. Nc3 Bd6 5. b3 O-O 6. Bb2 b6 7. Rc1 a6 8. cxd5 exd5 9. g3 Bb7 10. Bg2 Nbd7 11. O-O Re8 12. Re1 Qe7 13. Re2 Ba3 14. Bxa3 Qxa3 15. d4 Qd6 16. Rec2 Rac8 17. Ne2 g6 18. Nf4 Ne4 19. Nd3 c5 20. dxc5 bxc5 21. Nd2 Nef6 22. Qf3 Ba8 23. Qf4 Qe7 24. Qh4 Kg7 25. Nf3 h6 26. Qa4 Qe4 27. Nxc5 Nxc5 28. Rxc5 Rxc5 29. Rxc5 Qb1+ 30. Bf1 Re4 31. Qxa6 Re8 32. Nd4 Ne4 33. Rc7 Nd2 34. a4 1-0


[Site "https://www.chess.com"]

[Event "Titled Tuesday Blitz March 21 Early 2023"]
[White "Federzoni, Enzo"]
[Black "Gorodetzky, David"]
[WhiteFideId "2173301"]
[BlackFideId "2813416"]
[WhiteElo "2039"]
[BlackElo "2484"]
[Result "0-1"]
[Round "01"]
[TimeControl "180+2"]
[Date "2023.03.21"]
[WhiteClock "0:00:29"]
[BlackClock "0:00:43"]

1. e4 c5 2. Nf3 d6 3. c3 Nf6 4. Be2 g6 5. O-O Bg7 6. Re1 O-O 7. Bf1 Bg4 8. h3 Bxf3 9. Qxf3 Nc6 10. d3 Nd7 11. Be3 b5 12. Nd2 b4 13. Rac1 bxc3 14. bxc3 Rb8 15. Nb3 a5 16. d4 a4 17. d5 Nce5 18. Qd1 axb3 19. axb3 Nf6 20. Bg5 h6 21. Bh4 Nh5 22. g3 Qb6 23. f4 Nd7 24. Be2 c4+ 25. Kg2 cxb3 26. Bxh5 gxh5 27. Qxh5 b2 28. Rb1 Rfc8 29. Re2 Qa6 30. Rbxb2 Rxb2 31. Rxb2 Qd3 32. Qg4 Qxe4+ 33. Kh2 f5 34. Qh5 Qxd5 35. Bxe7 Qf7 36. Qh4 Bxc3 37. Re2 Re8 38. g4 Bf6 39. Qxh6 Rxe7 40. Rg2 Bg7 41. Qxd6 fxg4 42. Rxg4 Nf6 43. Rg5 Ne4 44. Qd8+ Re8 45. Rxg7+ Kxg7 46. Qd4+ Kg8 47. Qg1+ Qg7 48. Qe3 Qb2+ 49. Kh1 Nf2+ 50. Qxf2 0-1


[Site "https://www.chess.com"]

[Event "Titled Tuesday Blitz March 21 Early 2023"]
[White "Sattarov, Bobir"]
[Black "Yeritsyan, Hayk"]
[WhiteFideId "14203081"]
[BlackFideId "13307320"]
[WhiteElo "2351"]
[BlackElo "2423"]
[Result "1-0"]
[Round "01"]
[TimeControl "180+2"]
[Date "2023.03.21"]
[WhiteClock "0:02:38"]
[BlackClock "0:01:29"]

1. e4 e5 2. Nf3 Nc6 3. Nc3 Nf6 4. a3 d5 5. Bb5 dxe4 6. Nxe5 Qd6 7. d4 Bf5 8. Bf4 Nd5 9. Nxd5 Qxd5 10. Bc4 Qxd4 11. Bxf7+ 1-0


[Site "https://www.chess.com"]

[Event "Titled Tuesday Blitz March 21 Early 2023"]
[White "Jimenez Jimenez, Leandro"]
[Black "Galchenko, Matvey"]
[WhiteFideId "6415253"]
[BlackFideId "24175480"]
[WhiteElo "2263"]
[BlackElo "2404"]
[Result "0-1"]
[Round "01"]
[TimeControl "180+2"]
[Date "2023.03.21"]
[WhiteClock "0:00:05"]
[BlackClock "0:00:24"]

1. d4 d5 2. c4 e6 3. Nc3 c6 4. Nf3 dxc4 5. a4 Bb4 6. e3 b5 7. Bd2 a5 8. axb5 Bxc3 9. Bxc3 cxb5 10. b3 Bb7 11. bxc4 b4 12. Bb2 Nf6 13. Bd3 Nbd7 14. O-O O-O 15. Nd2 Qc7 16. Qe2 a4 17. d5 exd5 18. Rac1 Qd6 19. cxd5 Qxd5 20. e4 Qg5 21. f4 Qg4 22. Qxg4 Nxg4 23. Rc7 Rfd8 24. Rxb7 Nc5 25. Rxb4 Nxd3 26. Rb7 a3 27. Ba1 Ne3 28. Rfb1 a2 29. R1b3 Nc2 30. Bc3 a1=Q+ 31. Bxa1 Rxa1+ 32. Rb1 Nc5 33. Rxa1 Nxb7 34. Rb1 Nc5 35. e5 h5 36. Nf3 Ne3 37. h3 Nd3 38. Rb7 Nxf4 39. Ng5 Nfxg2 40. Nxf7 Re8 41. Kf2 h4 42. Kf3 Ra8 43. e6 Re8 44. Ng5 Rf8+ 45. Ke4 Nc4 46. Kd5 Nge3+ 47. Kd4 Rd8+ 48. Ke4 Nd6+ 49. Kxe3 Nxb7 50. Kf4 Re8 51. Kg4 Nd8 52. Kf5 Nxe6 53. Nxe6 Kf7 54. Ng5+ Ke7 55. Kg4 Rh8 56. Nf3 Kf6 57. Nxh4 Ra8 58. Nf3 Ra4+ 59. Kg3 Kf5 60. Nh4+ Ke4 61. Ng6 Kf5 62. Nh4+ Kg5 63. Nf3+ Kh5 64. Nh2 Ra3+ 65. Nf3 Rb3 66. Kg2 Kg6 67. Kg3 Kf5 68. Kf2 Kf4 69. Ng1 Rb2+ 70. Ne2+ Ke4 71. Ke1 Ke3 72. Nc1 Rh2 73. Kd1 Rxh3 74. Kc2 g5 75. Nb3 g4 76. Nc5 g3 77. Ne6 g2 78. Ng5 Rg3 79. Nh3 Rxh3 80. Kb3 g1=Q 81. Ka4 Qb1 82. Ka3 Rh2 83. Ka4 Ra2# 0-1


[Site "https://www.chess.com"]